 Dungeon Crawl Stone Soup version 0.31-a0-233-g139696dc86 (webtiles) character file.

Game seed: 3740297193322102277

1287 Armakuni the Charlatan (level 8, -1/54 HPs)
             Began as a Human Artificer on July 8, 2023.
             Was an Initiate of Gozag.
             Slain by a black bear (3 damage)
             ... on level 6 of the Dungeon.
             The game lasted 00:15:18 (5467 turns).

Armakuni the Charlatan (Human Artificer)            Turns: 5467, Time: 00:15:20

Health: -1/54      AC:  6    Str: 13    XL:     8   Next: 85%
Magic:  8/8        EV: 11    Int: 13    God:    Gozag
Gold:   240        SH:  0    Dex: 14    Spells: 7/7 levels left

rFire   . . .        b - staff of cold
rCold   + . .        (no shield)
rNeg    . . .        m - +2 leather armour {rPois}
rPois   +            (no helmet)
rElec   .            (no cloak)
rCorr   .            r - +0 pair of gloves
SInv    +            (no boots)
Will    .....        (no amulet)
Stlth   +            I - ring of see invisible
HPRegen 0.29/turn    (no ring)
MPRegen 0.11/turn

%: no passive effects
@: mighty
A: no striking features
a: Renounce Religion, Potion Petition, Call Merchant, Bribe Branch


You were on level 6 of the Dungeon.
You worshipped Gozag.
Gozag was aware of your devotion.
You visited 2 branches of the dungeon, and saw 7 of its levels.

You collected 791 gold pieces.
You spent 498 gold pieces at shops.
You paid 53 gold pieces to Gozag.

Inventory:

Hand Weapons
 a - a +2 mace of protection
 e - a +0 quarterstaff
Missiles
 f - 6 atropa-tipped darts
 g - 3 datura-tipped darts
 B - a throwing net
Armour
 h - an orb of energy
 m - a +2 leather armour of poison resistance (worn)
 r - a +0 pair of gloves (worn)
Magical Staves
 b - a staff of cold (weapon)
Jewellery
 d - an amulet of magic regeneration
 s - a ring of poison resistance
 I - a ring of see invisible (left hand)
Wands
 c - a wand of charming (25)
 j - a wand of roots (5)
 k - a wand of digging (4)
Scrolls
 p - 2 scrolls of amnesia
 t - a scroll of noise
 y - 3 scrolls of vulnerability
 E - a scroll of fear
 G - 4 scrolls of teleportation
Potions
 i - 3 potions of curing
 l - 2 potions of brilliance
 n - 2 potions of ambrosia
 o - 4 potions of mutation
 q - 2 potions of invisibility
 u - 2 potions of haste
 w - a potion of heal wounds {unknown}
 x - a potion of magic {unknown}
 z - a potion of might
 A - a potion of resistance {unknown}
 D - 2 potions of enlightenment


   Skills:
 - Level 1.0 Fighting
 - Level 1.0(3.8) Maces & Flails
 - Level 5.9(6.0) Staves
 - Level 2.0 Armour
 - Level 1.0 Dodging
 - Level 1.0 Stealth
 + Level 5.7 Ice Magic
 + Level 6.0 Evocations


You had 7 spell levels left.
You didn't know any spells.
Your spell library contained the following spells:

 Spells                   Type           Power      Damage    Failure   Level
 Lesser Beckoning         Tloc           0%         N/A       52%         2
 Gell's Gravitas          Tloc           0%         N/A       75%         3
 Stone Arrow              Conj/Erth      0%         3d7       75%         3
 Teleport Other           Tloc           0%         N/A       75%         3
 Animate Armour           Summ/Erth      0%         N/A       98%         4
 Lehudib's Crystal Spear  Conj/Erth      0%         10d2      100%        8


Dungeon Overview and Level Annotations

Branches:
Dungeon (6/15)             Temple (1/1) D:5

Altars:
Ashenzari
Cheibriados
Elyvilon
Fedhas
Gozag
Hepliaklqana
Kikubaaqudgha
Nemelex Xobeh
Okawaru
Qazlal
Sif Muna
Uskayaw
Vehumet
Wu Jian
Xom
Yredelemnul
The Shining One

Shops:
D:1 *   D:4 !


Message History

The black bear claws you but does no damage.
You barely miss the black bear.
The black bear is moderately wounded.
The hound completely misses you. The black bear closely misses you.
The black bear claws you but does no damage. x2
The hound bites you.
You closely miss the black bear.
The black bear is moderately wounded.
The hound misses you. The black bear bites you.
The black bear claws you but does no damage.
The black bear claws you.
You hit the black bear. You freeze the black bear!
The black bear is severely wounded.
The hound bites you but does no damage. The black bear closely misses you.
The black bear claws you but does no damage.
The black bear completely misses you.
You hit the black bear.
The black bear is severely wounded.
The hound closely misses you.
The black bear goes berserk!
The hound bites you.
You hit the black bear but do no damage.
The black bear is severely wounded.
You hear the quick rusting of a distant drain.
The black bear bites you!
The black bear claws you but does no damage.
The black bear barely misses you. The hound closely misses you.
You are too injured to fight recklessly!
You are too injured to fight recklessly!
You are too injured to fight recklessly!
You are too injured to fight recklessly!
You feel very mighty all of a sudden. The black bear bites you!
* * * LOW HITPOINT WARNING * * *
The black bear claws you.
* * * LOW HITPOINT WARNING * * *
The black bear barely misses you. The hound closely misses you.
The black bear bites you.
* * * LOW HITPOINT WARNING * * *
The black bear claws you.
You die...
Your body crumbles into a pile of gold.

#..###..#............
.....#........########
.#.........#..## . #..
......#..##
..#.........#...##
.... #.........###
#..###..##......#
##)h...###......##
..#..h@...##.......#
.....................#
....#.....#.......#...
... ##...##.......##..
. #.....#........# .
.................#
.#.......###....... .
##.....## ##.....
..###.# ##...


You could see a black bear (berserk) and a hound.

Vanquished Creatures
  Sigmund (D:3)
  A water moccasin (D:5)
  3 black bears
  An ogre (D:5)
  2 phantoms (D:5)
  A bullfrog (D:6)
  2 scorpions (D:5)
  2 jellies
  A hound (D:6)
  An orc priest (D:6)
  An iguana (D:5)
  Ijyb (D:4)
  3 adders
  2 shadow imps
  A white imp (D:5)
  An ufetubus (D:5)
  3 dart slugs
  4 orcs
  5 endoplasms
  5 giant cockroaches
  3 goblins
  8 hobgoblins
  9 jackals
  4 quokkas
  6 ball pythons
  6 bats
  2 frilled lizards (D:1)
  6 kobolds
  7 rats
92 creatures vanquished.

Notes
Turn   | Place    | Note
-------+----------+-------------------------------------------
     0 | D:1      | Armakuni the Human Artificer began the quest for the Orb.
     0 | D:1      | Reached XP level 1. HP: 15/15 MP: 1/1
   170 | D:1      | Found Uwkimil's Assorted Antiques.
   213 | D:1      | Reached skill level 1 in Maces & Flails
   275 | D:1      | Reached skill level 1 in Staves
   275 | D:1      | Reached XP level 2. HP: 14/21 MP: 2/2
   336 | D:1      | Identified a scroll of acquirement
   336 | D:1      | Acquired 465 gold pieces
   368 | D:1      | Bought a quarterstaff for 96 gold pieces
   368 | D:1      | Bought 2 blue potions for 43 gold pieces
   368 | D:1      | Bought an amethyst potion for 21 gold pieces
   368 | D:1      | Bought a scroll labelled ORUNIF NUSAUPT for 24 gold pieces
   368 | D:1      | Bought a scroll labelled ZIUNGU VAINWUQIE for 24 gold
                  | pieces
   368 | D:1      | Bought a scroll labelled ELYULASMEMI for 24 gold pieces
   368 | D:1      | Bought a viscous green potion for 21 gold pieces
   368 | D:1      | Bought a scroll labelled GUZITO SOFOOR for 24 gold pieces
   798 | D:1      | Reached XP level 3. HP: 22/26 MP: 3/3
  1646 | D:2      | Reached XP level 4. HP: 30/32 MP: 4/4
  1656 | D:2      | Found a faded altar of an unknown god.
  1898 | D:3      | Noticed Sigmund
  1904 | D:3      | Killed Sigmund
  1905 | D:3      | Reached skill level 5 in Staves
  1905 | D:3      | Reached XP level 5. HP: 34/37 MP: 5/5
  1905 | D:3      | Reached XP level 6. HP: 39/43 MP: 6/6
  1952 | D:3      | You fall into a shaft and drop 2 floors!
  1952 | D:5      | Entered Level 5 of the Dungeon
  3055 | D:4      | Found the +7 Kryia's mail coat {PotionHeal*2 rC+}
  3221 | D:4      | Reached skill level 4 in Evocations
  3221 | D:4      | Reached XP level 7. HP: 36/48 MP: 7/7
  3265 | D:4      | Found Jupp's Distillery.
  3273 | D:4      | Bought a potion of might for 52 gold pieces
  3273 | D:4      | Bought a potion of mutation for 104 gold pieces
  3273 | D:4      | Bought a potion of enlightenment for 65 gold pieces
  3613 | D:4      | Noticed Ijyb
  3615 | D:4      | Killed Ijyb
  3894 | D:5      | Reached skill level 5 in Evocations
  4036 | D:5      | Found a sparkling altar of Nemelex Xobeh.
  4036 | D:5      | Found an opulent altar of Gozag.
  4037 | D:5      | Found an ancient bone altar of Kikubaaqudgha.
  4056 | D:5      | Reached skill level 6 in Evocations
  4115 | D:5      | Became a worshipper of Gozag Ym Sagoz the Greedy
  4184 | D:5      | Found a staircase to the Ecumenical Temple.
  4199 | D:5      | Reached skill level 1 in Ice Magic
  4199 | D:5      | Reached XP level 8. HP: 48/54 MP: 8/8
  4230 | Temple   | Entered the Ecumenical Temple
  4596 | D:5      | Found a glowing golden altar of the Shining One.
  5056 | D:6      | Found a stormy altar of Qazlal.
  5101 | D:6      | Reached skill level 5 in Ice Magic
  5101 | D:6      | Found an ornate altar of the Wu Jian Council.
  5467 | D:6      | HP: 2/54 [black bear (4)]
  5467 | D:6      | Slain by a black bear

Illustrated notes

Levels and vault maps discovered:
D:1:      dpeg_arrival_ratfight, layout_basic, serial_shops,
          nicolae_square_shop, chequers_serial_rivers_micro_a
D:2:      layout_rooms, shapermc_ecumenical_altar_acropolis
D:3:      layout_basic, uniq_sigmund
D:4:      layout_basic, serial_shops, nicolae_shop_industrial_runoff, uniq_ijyb
D:5:      layout_loops_corners, nicolae_tso_swordbearing_angel,
          grunt_temple_overflow_open, minmay_temple_entry_drinking_statues
D:6:      nicolae_cairo_tiling_large_dashed, layout_cave_pods,
          mainiacjoe_overflow_small_starburst, nicolae_wu_jian_wuxing_cycle,
          portal_sewer_entry_a
Temple:   jpeg_temple_clearing

Skill      XL: |  1  2  3  4  5  6  7  8 |
---------------+-------------------------+-----
Maces & Flails | 1 |  1.0
Staves         | 1 2 3 5 |  5.9
Evocations     | 4 6 |  6.0
Ice Magic      | 1 5 |  5.7
Fighting       | |  1.0
Armour         | |  2.0
Dodging        | |  1.0
Stealth        | |  1.0

Action                     |  1- 3 |  4- 6 |  7- 9 || total
---------------------------+-------+-------+-------++-------
  Melee: Club              |    43 |       |       ||    43
         Quarterstaff      |    77 |       |       ||    77
         Mace              |     3 |    89 |   158 ||   250
         Staff             |       |       |    22 ||    22
         Punch             |       |       |     2 ||     2
  Evoke: Wand              |       |    10 |    12 ||    22
    Use: Potion            |     1 |       |     1 ||     2
         Scroll            |     9 |     3 |     4 ||    16
   Stab: Sleeping          |     2 |       |       ||     2
 Armour: Leather armour    |    38 |       |   143 ||   181
         Skin              |    12 |       |       ||    12
         Ring mail         |     4 |    56 |     4 ||    64
  Dodge: Dodged            |    96 |    47 |   167 ||   310

Table legend: (Time is in decaauts)
 A = Elapsed time spent in this place.
 B = Non-inter-level travel time spent in this place.
 C = Inter-level travel time spent in this place.
 D = Time resting spent in this place.
 E = Time spent auto-exploring this place.
 F = Levels seen in this place.
 G = Mean time per level.
                   A        B        C        D        E       F      G
               +--------+--------+--------+--------+--------+-----+--------+
         Total |   5544 |   5419 |    125 |    418 |   3632 |   7 |  792.0 |
       Dungeon |   5456 |   5343 |    113 |    418 |   3568 |   6 |  909.3 |
        Temple |     88 |     76 |     12 |      0 |     64 |   1 |   88.0 |
               +--------+--------+--------+--------+--------+-----+--------+

Top non-repeatable levels by time:
     D:5: 1293 daAuts
     D:1: 1194 daAuts
     D:3: 1153 daAuts
     D:4: 797 daAuts
     D:2: 595 daAuts
     D:6: 421 daAuts
  Temple: 88 daAuts
